TOP OF THE 1ST |
South Florida Bulls batting - Pitching for Washington Huskies : RHP Sean Fountain
|
Pitching: RHP Sean Fountain
|
|
Batting: RHB Keith Olson
|
0-0: Ball 1-0: Ball 2-0: Ball 3-0: Base on Balls
|
Batting: RHB John Russell
|
0-0: Ball 1-0: Ball 2-0: Called Strike 2-1: Ball 3-1: Called Strike 3-2: Fielders Choice at 2nd, 5-4 (Groundball, 56)
|
Batting: RHB Víctor Pérez
|
0-0: Grounds into double play, 5-4-3 (Groundball, 5)
|
Top of the 1st over - 0 run(s), 0 hit(s), 0 error(s), 0 left on base; South Florida 0 - Washington 0 |
BOTTOM OF THE 1ST |
Washington Huskies batting - Pitching for South Florida Bulls : RHP Jeff McIntosh
|
Pitching: RHP Jeff McIntosh
|
|
Batting: RHB Mario Rodríguez
|
0-0: Ball 1-0: Fly out, F9 (Line Drive, 9)
|
Batting: RHB Samuel Robbins
|
0-0: Ball 1-0: Ground out 5-3 (Groundball, 56)
|
Batting: RHB Carlos Sousa
|
0-0: Fly out, F2 (Popup, 15S)
|
Bottom of the 1st over - 0 run(s), 0 hit(s), 0 error(s), 0 left on base; South Florida 0 - Washington 0 |
TOP OF THE 2ND |
South Florida Bulls batting - Pitching for Washington Huskies : RHP Sean Fountain
|
Batting: LHB Don Glassman
|
0-0: Ball 1-0: SOLO HOME RUN (Flyball, 9LD), Distance : 326 ft
|
Batting: RHB Jordan Ashby
|
0-0: SOLO HOME RUN (Flyball, 9D), Distance : 354 ft
|
Batting: LHB Roland Nelson
|
0-0: Foul Ball, location: 2F 0-1: Swinging Strike 0-2: Foul Ball, location: 2F 0-2: Foul Ball, location: 2F 0-2: Ground out U3 (Groundball, 34)
|
Batting: LHB Martin Ortíz
|
0-0: Foul Ball, location: 2F 0-1: Ground out 4-3 (Groundball, 34D)
|
Batting: RHB Tyson Holder
|
0-0: Ball 1-0: Called Strike 1-1: Swinging Strike 1-2: Ball 2-2: Ball 3-2: Strikes out swinging
|
Top of the 2nd over - 2 run(s), 2 hit(s), 0 error(s), 0 left on base; South Florida 2 - Washington 0 |
BOTTOM OF THE 2ND |
Washington Huskies batting - Pitching for South Florida Bulls : RHP Jeff McIntosh
|
Batting: RHB Tomás Fernández
|
0-0: Swinging Strike 0-1: Ball 1-1: Foul Ball, location: 2F 1-2: Foul Ball, location: 2F 1-2: Ball 2-2: Strikes out looking
|
Batting: RHB Jake Townsend
|
0-0: Swinging Strike 0-1: Foul Ball, location: 2F 0-2: SINGLE (Line Drive, 7S)
|
Batting: RHB Jeff Shephard
|
0-0: Called Strike 0-1: Foul Ball, location: 2F 0-2: SINGLE (Line Drive, 8LS) Jake Townsend to second Runner from 2nd tries for 3rd, SAFE, no throw
|
Batting: RHB Ben Johnson
|
0-0: Ball 1-0: Ball 2-0: Ball 3-0: Called Strike 3-1: Base on Balls Jeff Shephard to second
|
Batting: RHB Roberto Silva
|
0-0: Swinging Strike 0-1: Ball 1-1: Foul Ball, location: 2F 1-2: Fielders Choice at 2nd, 6-4 (Groundball, 6) Jake Townsend scores Jeff Shephard to third
|
Batting: RHB Erik Carbajal
|
0-0: Called Strike 0-1: Ball 1-1: Ball 2-1: Swinging Strike 2-2: Foul Ball, location: 2F 2-2: Foul Ball, location: 2F 2-2: Strikes out swinging
|
Bottom of the 2nd over - 1 run(s), 2 hit(s), 0 error(s), 2 left on base; South Florida 2 - Washington 1 |
TOP OF THE 3RD |
South Florida Bulls batting - Pitching for Washington Huskies : RHP Sean Fountain
|
Batting: SHB Troy Holland
|
0-0: Ball 1-0: Ball 2-0: Ball 3-0: Called Strike 3-1: Called Strike 3-2: Foul Ball, location: 2F 3-2: Strikes out swinging
|
Batting: RHB Keith Olson
|
0-0: Ground out 5-3 (Groundball, 56)
|
Batting: RHB John Russell
|
0-0: Ball 1-0: Swinging Strike 1-1: Called Strike 1-2: Strikes out swinging
|
Top of the 3rd over - 0 run(s), 0 hit(s), 0 error(s), 0 left on base; South Florida 2 - Washington 1 |
BOTTOM OF THE 3RD |
Washington Huskies batting - Pitching for South Florida Bulls : RHP Jeff McIntosh
|
Batting: RHB Mario Rodríguez
|
0-0: Foul Ball, location: 2F 0-1: Foul Ball, location: 2F 0-2: Ball 1-2: Ball 2-2: DOUBLE (Line Drive, 78M)
|
Batting: RHB Samuel Robbins
|
0-0: SINGLE (Flyball, 8LS) Mario Rodríguez to third
|
Batting: RHB Carlos Sousa
|
0-0: Called Strike 0-1: Fly out, F8 (Flyball, 8RM) Runner from 3rd tags up, SCORES, no throw
|
Batting: RHB Tomás Fernández
|
0-0: Called Strike 0-1: Swinging Strike 0-2: Ball 1-2: Strikes out swinging
|
Batting: RHB Jake Townsend
|
0-0: Ball 1-0: Swinging Strike 1-1: Foul Ball, location: 2F 1-2: Ball 2-2: Strikes out swinging
|
Bottom of the 3rd over - 1 run(s), 2 hit(s), 0 error(s), 1 left on base; South Florida 2 - Washington 2 |
TOP OF THE 4TH |
South Florida Bulls batting - Pitching for Washington Huskies : RHP Sean Fountain
|
Batting: RHB Víctor Pérez
|
0-0: Ball 1-0: Called Strike 1-1: Ground out 1-3 (Groundball, 13S)
|
Batting: LHB Don Glassman
|
0-0: Called Strike 0-1: Ball 1-1: Swinging Strike 1-2: Foul Ball, location: 2F 1-2: Ball 2-2: Ball 3-2: Strikes out swinging
|
Batting: RHB Jordan Ashby
|
0-0: Foul Ball, location: 2F 0-1: Ball 1-1: Ground out 6-3 (Groundball, 6)
|
Top of the 4th over - 0 run(s), 0 hit(s), 0 error(s), 0 left on base; South Florida 2 - Washington 2 |
BOTTOM OF THE 4TH |
Washington Huskies batting - Pitching for South Florida Bulls : RHP Jeff McIntosh
|
Batting: RHB Jeff Shephard
|
0-0: Ball 1-0: Ball 2-0: Called Strike 2-1: Ball 3-1: Swinging Strike 3-2: Base on Balls
|
Batting: RHB Ben Johnson
|
0-0: Ball 1-0: Grounds into double play, 5-4-3 (Groundball, 56)
|
Batting: RHB Roberto Silva
|
0-0: Ground out 5-3 (Groundball, 56)
|
Bottom of the 4th over - 0 run(s), 0 hit(s), 0 error(s), 0 left on base; South Florida 2 - Washington 2 |
TOP OF THE 5TH |
South Florida Bulls batting - Pitching for Washington Huskies : RHP Sean Fountain
|
Batting: LHB Roland Nelson
|
0-0: Ball 1-0: Foul Ball, location: 2F 1-1: Ball 2-1: Foul Ball, location: 2F 2-2: Fly out, F8 (Flyball, 8RM)
|
Batting: LHB Martin Ortíz
|
0-0: Ball 1-0: Ball 2-0: Foul Ball, location: 2F 2-1: Swinging Strike 2-2: Ball 3-2: Base on Balls
|
Batting: RHB Tyson Holder
|
0-0: Ball 1-0: Swinging Strike 1-1: Swinging Strike 1-2: Ball 2-2: SINGLE (Line Drive, 89S) Martin Ortíz to second
|
Batting: SHB Troy Holland
|
0-0: SINGLE (Groundball, 34D) Martin Ortíz to third Tyson Holder to second
|
Batting: RHB Keith Olson
|
0-0: Swinging Strike 0-1: Foul Ball, location: 2F 0-2: Ball 1-2: SINGLE (Line Drive, 78S) Martin Ortíz scores Tyson Holder to third Troy Holland to second
|
Batting: RHB John Russell
|
0-0: Called Strike 0-1: SINGLE (Line Drive, 4MD) Tyson Holder scores Troy Holland to third Keith Olson to second Runner from 3rd tries for Home, SAFE, no throw
|
Pitching: RHP António Corrigan
|
|
Batting: RHB Víctor Pérez
|
0-0: Swinging Strike 0-1: Ball 1-1: Foul Ball, location: 2F 1-2: Ball 2-2: 3-RUN HOME RUN (Flyball, 9D), Distance : 361 ft
|
Batting: LHB Don Glassman
|
0-0: Called Strike 0-1: Ball 1-1: Foul Ball, location: 2F 1-2: Ball 2-2: Ball 3-2: Ground out 4-3 (Groundball, 4M)
|
Batting: RHB Jordan Ashby
|
0-0: Called Strike 0-1: Ball 1-1: Foul Ball, location: 2F 1-2: Ball 2-2: Foul Ball, location: 2F 2-2: Foul Ball, location: 2F 2-2: Foul Ball, location: 2F 2-2: Ball 3-2: SINGLE (Groundball, 6D)
|
Batting: LHB Roland Nelson
|
0-0: Swinging Strike 0-1: Ball 1-1: Ball 2-1: Foul Ball, location: 2F 2-2: Foul Ball, location: 2F 2-2: Ball 3-2: Base on Balls Jordan Ashby to second
|
Batting: LHB Martin Ortíz
|
0-0: Ball 1-0: Called Strike 1-1: Called Strike 1-2: Strikes out swinging
|
Top of the 5th over - 6 run(s), 6 hit(s), 0 error(s), 2 left on base; South Florida 8 - Washington 2 |
BOTTOM OF THE 5TH |
Washington Huskies batting - Pitching for South Florida Bulls : RHP Jeff McIntosh
|
Batting: RHB Erik Carbajal
|
0-0: Ball 1-0: Ball 2-0: Ground out 6-3 (Groundball, 6)
|
Batting: RHB Mario Rodríguez
|
0-0: SINGLE (Line Drive, 78M)
|
Batting: RHB Samuel Robbins
|
0-0: Called Strike 0-1: Called Strike 0-2: Foul Ball, location: 2F 0-2: Ball 1-2: Foul Ball, location: 2F 1-2: Strikes out swinging
|
Batting: RHB Carlos Sousa
|
0-0: Ball 1-0: Ball Mario Rodríguez steals 2nd base 2-0: Fly out, F8 (Flyball, 8RM)
|
Bottom of the 5th over - 0 run(s), 1 hit(s), 0 error(s), 1 left on base; South Florida 8 - Washington 2 |
TOP OF THE 6TH |
South Florida Bulls batting - Pitching for Washington Huskies : RHP António Corrigan
|
Batting: RHB Tyson Holder
|
0-0: Ball 1-0: Ball 2-0: Called Strike 2-1: Ball 3-1: Base on Balls
|
Batting: SHB Troy Holland
|
0-0: Ball 1-0: Ball 2-0: Called Strike 2-1: Foul Ball, location: 2F 2-2: Strikes out swinging
|
Batting: RHB Keith Olson
|
0-0: Called Strike 0-1: Called Strike 0-2: Ball 1-2: Grounds into double play, 6-4-3 (Groundball, 6)
|
Top of the 6th over - 0 run(s), 0 hit(s), 0 error(s), 0 left on base; South Florida 8 - Washington 2 |
BOTTOM OF THE 6TH |
Washington Huskies batting - Pitching for South Florida Bulls : RHP Jeff McIntosh
|
Batting: RHB Tomás Fernández
|
0-0: Called Strike 0-1: Ball 1-1: Swinging Strike 1-2: Ball 2-2: Strikes out swinging
|
Batting: RHB Jake Townsend
|
0-0: Foul Ball, location: 2F 0-1: Ball 1-1: Ball 2-1: Ground out 6-3 (Groundball, 6M)
|
Batting: RHB Jeff Shephard
|
0-0: Called Strike 0-1: Ball 1-1: Ball 2-1: Fly out, F4 (Line Drive, 4M)
|
Bottom of the 6th over - 0 run(s), 0 hit(s), 0 error(s), 0 left on base; South Florida 8 - Washington 2 |
TOP OF THE 7TH |
South Florida Bulls batting - Pitching for Washington Huskies : RHP António Corrigan
|
Batting: RHB John Russell
|
0-0: Ball 1-0: Called Strike 1-1: Swinging Strike 1-2: Strikes out swinging
|
Pitching: LHP Steve Hickman
|
|
Batting: RHB Víctor Pérez
|
0-0: Ball 1-0: Called Strike 1-1: Ball 2-1: Ground out 5-3 (Groundball, 56S)
|
Batting: LHB Don Glassman
|
0-0: Ball 1-0: Ground out 4-3 (Groundball, 4S)
|
Top of the 7th over - 0 run(s), 0 hit(s), 0 error(s), 0 left on base; South Florida 8 - Washington 2 |
BOTTOM OF THE 7TH |
Washington Huskies batting - Pitching for South Florida Bulls : RHP Jeff McIntosh
|
Pitching: RHP Allen Steele
|
|
Batting: RHB Ben Johnson
|
0-0: Called Strike 0-1: Ball 1-1: Swinging Strike 1-2: Fly out, F9 (Flyball, 9LM)
|
Batting: RHB Roberto Silva
|
0-0: Ball 1-0: DOUBLE (Flyball, 89M)
|
Batting: RHB Erik Carbajal
|
0-0: Ball 1-0: Ball 2-0: Called Strike 2-1: Ball 3-1: Swinging Strike 3-2: Fly out, F9 (Flyball, 9S)
|
Batting: RHB Mario Rodríguez
|
0-0: Called Strike 0-1: Foul Ball, location: 2F 0-2: Ball 1-2: Ball 2-2: Ball 3-2: Foul Ball, location: 2F 3-2: SINGLE (Line Drive, 6D) Roberto Silva to third Roberto Silva scores
|
Batting: RHB Samuel Robbins
|
0-0: Ball 1-0: Called Strike 1-1: Called Strike Mario Rodríguez steals 2nd base 1-2: Ball 2-2: DOUBLE (Line Drive, 89M) Mario Rodríguez scores
|
Pitching: RHP Dylan Bowen
|
|
Batting: RHB Carlos Sousa
|
0-0: Foul Ball, location: 2F 0-1: Called Strike 0-2: Strikes out swinging
|
Bottom of the 7th over - 2 run(s), 3 hit(s), 0 error(s), 1 left on base; South Florida 8 - Washington 4 |
TOP OF THE 8TH |
South Florida Bulls batting - Pitching for Washington Huskies : LHP Steve Hickman
|
Batting: RHB Jordan Ashby
|
0-0: Ball 1-0: Swinging Strike 1-1: Called Strike 1-2: Strikes out swinging
|
Batting: LHB Roland Nelson
|
0-0: Ball 1-0: Called Strike 1-1: Ball 2-1: Ground out 4-3 (Groundball, 4M)
|
Batting: LHB Martin Ortíz
|
0-0: Ball 1-0: Swinging Strike 1-1: Called Strike 1-2: Ball 2-2: Foul Ball, location: 2F 2-2: Foul Ball, location: 2F 2-2: Ball 3-2: Strikes out swinging
|
Top of the 8th over - 0 run(s), 0 hit(s), 0 error(s), 0 left on base; South Florida 8 - Washington 4 |
BOTTOM OF THE 8TH |
Washington Huskies batting - Pitching for South Florida Bulls : RHP Dylan Bowen
|
Batting: RHB Tomás Fernández
|
0-0: Foul Ball, location: 2F 0-1: Ball 1-1: Called Strike 1-2: Ball 2-2: Ball 3-2: Strikes out swinging
|
Batting: RHB Jake Townsend
|
0-0: Reached on error, E5 (Groundball, 5)
|
Batting: RHB Jeff Shephard
|
0-0: Ball 1-0: Ball 2-0: Ball 3-0: Called Strike 3-1: Called Strike 3-2: Foul Ball, location: 2F 3-2: SINGLE (Groundball, 6MD) Jake Townsend to third Runner from 3rd tries for Home, SAFE, no throw
|
Batting: RHB Ben Johnson
|
0-0: Called Strike 0-1: DOUBLE (Flyball, 78M) Jeff Shephard to third Runner from 3rd tries for Home, SAFE, throw made home
|
Pitching: RHP Charlie Madison
|
|
Batting: RHB Roberto Silva
|
0-0: Ball 1-0: Called Strike 1-1: Ball 2-1: Ball 3-1: SINGLE (Flyball, 89S) Ben Johnson to third
|
Batting: RHB Erik Carbajal
|
0-0: Ball 1-0: Swinging Strike 1-1: Ball 2-1: Foul Ball, location: 2F 2-2: Strikes out swinging
|
Batting: RHB Mario Rodríguez
|
0-0: Ball 1-0: Ball 2-0: Called Strike 2-1: Ball 3-1: Foul Ball, location: 2F 3-2: Foul Ball, location: 2F 3-2: Foul Ball, location: 2F 3-2: SINGLE (Groundball, 6D) Ben Johnson scores Roberto Silva to second Roberto Silva to third
|
Batting: RHB Samuel Robbins
|
0-0: Ball 1-0: Foul Ball, location: 2F 1-1: Called Strike 1-2: Ball 2-2: Ball 3-2: Strikes out looking
|
Bottom of the 8th over - 3 run(s), 4 hit(s), 1 error(s), 2 left on base; South Florida 8 - Washington 7 |
TOP OF THE 9TH |
South Florida Bulls batting - Pitching for Washington Huskies : LHP Steve Hickman
|
Pitching: LHP Robinson González
|
|
Batting: RHB Tyson Holder
|
0-0: Called Strike 0-1: SINGLE (Line Drive, 89S)
|
Batting: SHB Troy Holland
|
0-0: Sac Bunt - play at second, runner OUT! 2-6
|
Batting: RHB Keith Olson
|
0-0: Called Strike 0-1: Ball 1-1: Fielders Choice at 2nd, 4-6 (Groundball, 4M)
|
Batting: RHB John Russell
|
0-0: Ball 1-0: Ball 2-0: Swinging Strike 2-1: Fielders Choice at 2nd, 6-4 (Groundball, 6)
|
Top of the 9th over - 0 run(s), 1 hit(s), 0 error(s), 0 left on base; South Florida 8 - Washington 7 |
BOTTOM OF THE 9TH |
Washington Huskies batting - Pitching for South Florida Bulls : RHP Charlie Madison
|
Pitching: RHP Xi-tong Shi
|
|
Batting: RHB Carlos Sousa
|
0-0: Foul Ball, location: 2F 0-1: Called Strike 0-2: Strikes out swinging, 2-3 out at first.
|
Batting: RHB Tomás Fernández
|
0-0: Swinging Strike 0-1: Ball 1-1: Called Strike 1-2: Strikes out swinging
|
Batting: RHB Jake Townsend
|
0-0: Ball 1-0: Called Strike 1-1: Fly out, F9 (Line Drive, 89M)
|
Bottom of the 9th over - 0 run(s), 0 hit(s), 0 error(s), 0 left on base; South Florida 8 - Washington 7 |
|